 Dungeon Crawl Stone Soup version 0.29.0-4-gdea44cf6ec (webtiles) character file.

Game seed: 17393291700065287684

1978 qw the Cleaver (level 9, -8/75 HPs)
             Began as a Minotaur Berserker on Sept 8, 2022.
             Was a Priest of Trog.
             Mangled by Maggie
             ... wielding a +0 long sword
              (11 damage)
             ... on level 7 of the Dungeon.
             The game lasted 00:01:46 (6851 turns).

qw the Cleaver (Minotaur Berserker)                 Turns: 6851, Time: 00:01:47

Health: -8/75      AC: 11    Str: 31    XL:     9   Next: 1%
Magic:  8/8        EV:  7    Int:  4    God:    Trog [***...]
Gold:   396        SH:  6    Dex: 11    Spells: 8/8 levels left

rFire   . . .      SeeInvis .   Y - +0 war axe
rCold   . . .      Faith    .   u - +0 kite shield
rNeg    . . .      Spirit   .   f - +0 chain mail
rPois   .          Reflect  .   (helmet restricted)
rElec   .          Harm     .   (no cloak)
rCorr   .          Rampage  .   o - +1 pair of gloves
Will    .....                   (no boots)
Stlth   ..........              (no amulet)
HPRegen 0.22/turn               h - +4 ring of slaying {mikee}
MPRegen 0.11/turn               e - +6 ring of strength

@: mesmerised
A: horns 2, retaliatory headbutt
a: Renounce Religion, Berserk, Trog's Hand


You were on level 7 of the Dungeon.
You worshipped Trog.
Trog was most pleased with you.
You visited 1 branch of the dungeon, and saw 7 of its levels.
You also visited: Sewer.

You collected 434 gold pieces.
You spent 38 gold pieces at shops.


Innate Abilities, Weirdness & Mutations

You have a pair of horns on your head.
You reflexively headbutt those who attack you in melee.


   Skills:
 - Level 6.2 Fighting
 - Level 12.5 Axes
 - Level 2.1 Throwing
 - Level 4.6 Armour
 - Level 2.1 Dodging
 + Level 0.2 Shields


You had 8 spell levels left.
You didn't know any spells.
Your spell library was empty.

Inventory:

Hand Weapons
 q - a +4 mace of protection
 Y - a +0 war axe (weapon)
Missiles
 i - 2 javelins (quivered)
Armour
 f - a +0 chain mail (worn)
 o - a +1 pair of gloves (worn)
 u - a +0 kite shield (worn)
Jewellery
 e - a +6 ring of strength (right hand)
 g - a ring of fire
 h - a +4 ring of slaying (left hand) {mikee}
 t - a ring of protection from fire
Scrolls
 p - a scroll of identify
Potions
 a - a potion of resistance
 b - a potion of mutation {unknown}
 c - a potion of brilliance {unknown}
 d - a potion of haste
 m - a potion of curing {unknown}
 n - a potion of lignification {unknown}
 r - a potion of invisibility {unknown}
 s - a potion of might {unknown}

Dungeon Overview and Level Annotations

Branches:
Dungeon (7/15)              Sewer (visited)
 Temple: D:4-7

Altars:
Cheibriados
Gozag
Kikubaaqudgha
Nemelex Xobeh
Okawaru
Qazlal
Sif Muna
Uskayaw
Wu Jian
Zin

Shops:
D:3 (

Annotations:
D:2 1 runed translucent door, Crazy Yiuf
D:7 Dowan, Maggie


Message History

Maggie is moderately wounded.
You block Maggie's attack.
You barely miss Maggie.
Maggie is moderately wounded.
You block Maggie's attack.
You slash Maggie!
Maggie is severely wounded.
Maggie casts a spell.
Maggie draws you further into her thrall.
You slash Maggie! Your headbutt misses Maggie.
Maggie is severely wounded.
Maggie gestures at you while chanting. The bolt of fire hits you!!
You hear a shout!
You barely miss Maggie.
Maggie is severely wounded.
Maggie gestures at you while chanting. The bolt of fire hits you!
You hit Maggie. You headbutt Maggie.
Maggie is almost dead.
You hear the faint creaking of a very distant portcullis.
You block Maggie's attack. Maggie hits you with a +0 long sword.
You completely miss Maggie.
Maggie is almost dead.
An ogre comes into view. It is wielding a +0 giant club.
Maggie hits you but does no damage.
You closely miss Maggie.
Maggie is almost dead.
Maggie gestures at you while chanting. The bolt of fire hits you!
You slash Maggie!
Maggie is almost dead.
Maggie gestures at you while chanting. The bolt of fire hits you!!
Dowan, Brother of Duvessa comes into view.
He is wielding a +0 dagger.
Dowan shouts!
You closely miss Maggie.
Maggie is almost dead.
Maggie hits you with a +0 long sword!
You die...

####.# #. . .....# . ..
....# .# .. ...##.#..
.. ###. #.... #..# .#
e....#...###..# .#
......@O......###.#
#######@.###......
...............#.# ###
.......#.#####.#.#.....
..>....................
.......[.#####.#.#..###
########## #<#.# #
###.# .# ##


You could see Maggie (mesmerising), an ogre and Dowan.

Vanquished Creatures
  A kobold demonologist (D:6)
  A komodo dragon (D:6)
  A water moccasin (Sewer)
  2 ogres
  An ice beast (D:6)
  A phantom (D:6)
  4 scorpions
  5 killer bees (D:6)
  An orc priest (D:5)
  2 jellies (D:5)
  2 iguanas
  Jessica (D:2)
  Terence (D:3)
  5 orc wizards
  Natasha (thrice) (D:3)
  5 adders
  A gnoll (D:4)
  A shadow imp (D:5)
  A white imp (D:7)
  An ufetubus (D:5)
  2 worms
  6 dart slugs
  21 orcs
  8 ball pythons
  3 endoplasms
  3 giant cockroaches
  11 hobgoblins
  2 jackals (D:3)
  9 quokkas
  6 bats
  2 frilled lizards (D:1)
  A goblin (D:4)
  8 kobolds
  6 rats
128 creatures vanquished.

Notes
Turn   | Place    | Note
-------+----------+-------------------------------------------
     0 | D:1      | qw the Minotaur Berserker began the quest for the Orb.
     0 | D:1      | Reached XP level 1. HP: 19/19 MP: 0/0
     0 | D:1      | 0 ||| qw: Version: 0.1-a-112-g44dc6cd
     0 | D:1      | 0 ||| qw: Game counter: 6663
     0 | D:1      | 0 ||| qw: Always use a shield: true
     0 | D:1      | 0 ||| qw: Do Orc after D:15 true
     0 | D:1      | 0 ||| qw: Do second Lair branch before Depths: true
     0 | D:1      | 0 ||| qw: Lair rune preference: random
     0 | D:1      | 0 ||| qw: Plans: Normal
     0 | D:1      | 0 ||| PLANNING D:1-11
    12 | D:1      | 12 ||| Stepping ~*~*~tactically~*~*~ (hiding).
   133 | D:1      | Reached skill level 4 in Axes
   188 | D:1      | Reached XP level 2. HP: 26/26 MP: 1/1
   309 | D:1      | 309 ||| Stepping ~*~*~tactically~*~*~ (stealth).
   437 | D:1      | Found a faded altar of an unknown god.
   961 | D:1      | 961 ||| UPGRADING to +0 leather armour.
   971 | D:1      | 971 ||| DROPPING +0 animal skin.
   972 | D:1      | 972 ||| UPGRADING to +1 pair of gloves.
   977 | D:1      | 977 ||| UPGRADING to +0 ring mail.
   987 | D:1      | 987 ||| DROPPING +0 leather armour.
   988 | D:1      | 988 ||| UPGRADING to +4 ring of slaying {mikee}.
   989 | D:1      | 989 ||| UPGRADING to ring of protection from fire.
   990 | D:1      | 990 ||| READING 2 scrolls labelled WEHESHOUSIT.
   991 | D:1      | 991 ||| READING 3 scrolls labelled UNOR HUOSALON.
   992 | D:1      | 992 ||| READING scroll labelled EDASHRI GAZYA.
   993 | D:1      | 993 ||| READING scroll labelled JETSIU RESYL.
   994 | D:1      | 994 ||| READING scroll labelled PISYLU YPAERU.
   995 | D:1      | 995 ||| DROPPING scroll of immolation.
   996 | D:1      | 996 ||| DROPPING 2 scrolls of fear.
   997 | D:1      | 997 ||| Stepping randomly (stuck).
   998 | D:1      | 998 ||| Stepping ~*~*~tactically~*~*~ (cloud).
  1271 | D:2      | 1271 ||| Stepping ~*~*~tactically~*~*~ (hiding).
  1277 | D:2      | Reached skill level 5 in Axes
  1501 | D:2      | Reached skill level 1 in Throwing
  1501 | D:2      | Reached XP level 3. HP: 31/31 MP: 2/2
  1552 | D:2      | 1552 ||| Stepping ~*~*~tactically~*~*~ (stealth).
  1553 | D:2      | 1553 ||| Stepping ~*~*~tactically~*~*~ (stealth).
  1557 | D:2      | 1557 ||| Stepping ~*~*~tactically~*~*~ (stealth).
  1786 | D:2      | Reached ** piety under Trog
  1838 | D:2      | Found a runed translucent door.
  1839 | D:2      | Noticed Crazy Yiuf
  1873 | D:2      | Noticed Jessica
  1874 | D:2      | 1874 ||| Stepping ~*~*~tactically~*~*~ (hiding).
  1879 | D:2      | Killed Jessica
  1880 | D:2      | Reached XP level 4. HP: 39/39 MP: 3/3
  2190 | D:2      | 2190 ||| DROPPING orb of wrath.
  2191 | D:2      | 2191 ||| READING scroll labelled TAUGRI KUUPPU.
  2219 | D:3      | 2219 ||| PLANNING SEWER
  2222 | D:3      | Reached skill level 6 in Axes
  2315 | D:3      | Found a stormy altar of Qazlal.
  2341 | D:3      | Noticed Terence
  2345 | D:3      | 2345 ||| INVOKING Berserk.
  2347 | D:3      | Killed Terence
  2454 | D:3      | 2454 ||| DROPPING +0 whip.
  2468 | D:3      | 2468 ||| INVOKING Berserk.
  2471 | D:3      | Reached XP level 5. HP: 45/45 MP: 4/4
  2536 | D:3      | 2536 ||| SWAPPING to +2 hand axe of electrocution.
  2537 | D:3      | 2537 ||| DROPPING +1 hand axe.
  2582 | D:3      | Found a glowing drain.
  2583 | D:3      | 2583 ||| UPGRADING to +0 chain mail.
  2593 | D:3      | 2593 ||| DROPPING +0 ring mail.
  2594 | D:3      | 2594 ||| READING scroll labelled DYUCVI HOTAESI.
  2670 | Sewer    | Entered a sewer
  2704 | Sewer    | Reached skill level 7 in Axes
  2712 | Sewer    | Noticed a water moccasin
  2719 | Sewer    | Killed a water moccasin
  2720 | Sewer    | Reached XP level 6. HP: 56/56 MP: 5/5
  2760 | D:3      | 2760 ||| PLANNING D:1-11
  2784 | D:3      | 2784 ||| Stepping ~*~*~tactically~*~*~ (hiding).
  3087 | D:3      | 3087 ||| READING scroll of enchant weapon.
  3087 | D:3      | 3087 ||| ENCHANTING +2 hand axe of electrocution.
  3131 | D:3      | Found Tutyd's Weapon Shop.
  3149 | D:3      | 3149 ||| BUYING +0 war axe (38 gold).
  3149 | D:3      | Bought a +0 war axe for 38 gold pieces
  3149 | D:3      | 3149 ||| SWAPPING to +0 war axe.
  3150 | D:3      | 3150 ||| DROPPING +3 hand axe of electrocution.
  3231 | D:3      | Noticed Natasha
  3232 | D:3      | 3232 ||| INVOKING Berserk.
  3233 | D:3      | Killed Natasha
  3571 | D:3      | Noticed Natasha
  3572 | D:3      | 3572 ||| Stepping ~*~*~tactically~*~*~ (stealth).
  3573 | D:3      | 3573 ||| INVOKING Berserk.
  3575 | D:3      | Killed Natasha
  3602 | D:3      | Noticed Natasha
  3608 | D:3      | 3608 ||| FLEEEEING.
  3609 | D:3      | 3609 ||| FLEEEEING.
  3610 | D:3      | 3610 ||| FLEEEEING.
  3612 | D:3      | 3612 ||| FLEEEEING.
  3613 | D:3      | 3613 ||| FLEEEEING.
  3614 | D:3      | 3614 ||| FLEEEEING.
  3615 | D:3      | 3615 ||| FLEEEEING.
  3616 | D:3      | 3616 ||| FLEEEEING.
  3617 | D:3      | 3617 ||| FLEEEEING.
  3618 | D:3      | 3618 ||| FLEEEEING.
  3619 | D:3      | 3619 ||| FLEEEEING.
  3620 | D:3      | 3620 ||| FLEEEEING.
  3621 | D:3      | 3621 ||| FLEEEEING.
  3622 | D:3      | 3622 ||| FLEEEEING.
  3623 | D:3      | 3623 ||| FLEEEEING.
  3626 | D:3      | 3626 ||| FLEEEEING.
  3627 | D:3      | 3627 ||| FLEEEEING.
  3628 | D:3      | 3628 ||| FLEEEEING.
  3629 | D:3      | 3629 ||| FLEEEEING.
  3630 | D:3      | 3630 ||| FLEEEEING.
  3631 | D:3      | 3631 ||| FLEEEEING.
  3632 | D:3      | 3632 ||| FLEEEEING.
  3633 | D:3      | 3633 ||| FLEEEEING.
  3634 | D:3      | 3634 ||| FLEEEEING.
  3635 | D:3      | 3635 ||| FLEEEEING.
  3636 | D:3      | 3636 ||| FLEEEEING.
  3637 | D:3      | 3637 ||| FLEEEEING.
  3638 | D:3      | 3638 ||| STAIRDANCE
  3719 | D:2      | 3719 ||| READING scroll labelled AJOFRO XEZIY.
  3833 | D:3      | 3833 ||| Stepping ~*~*~tactically~*~*~ (stealth).
  3911 | D:3      | 3911 ||| FLEEEEING.
  3912 | D:3      | 3912 ||| FLEEEEING.
  3913 | D:3      | 3913 ||| FLEEEEING.
  3914 | D:3      | 3914 ||| FLEEEEING.
  3915 | D:3      | 3915 ||| FLEEEEING.
  3916 | D:3      | 3916 ||| FLEEEEING.
  3917 | D:3      | 3917 ||| FLEEEEING.
  3918 | D:3      | 3918 ||| FLEEEEING.
  3920 | D:3      | 3920 ||| INVOKING Berserk.
  3922 | D:3      | Killed Natasha
  4061 | D:4      | 4061 ||| Stepping ~*~*~tactically~*~*~ (stealth).
  4064 | D:4      | 4064 ||| INVOKING Berserk.
  4468 | D:4      | Found a snail-covered altar of Cheibriados.
  4471 | D:4      | 4471 ||| INVOKING Berserk.
  4474 | D:4      | Reached skill level 8 in Axes
  4570 | D:4      | Reached XP level 7. HP: 61/61 MP: 6/6
  4603 | D:4      | Reached skill level 9 in Axes
  4610 | D:4      | 4610 ||| Stepping ~*~*~tactically~*~*~ (stealth).
  4612 | D:4      | 4612 ||| Stepping ~*~*~tactically~*~*~ (stealth).
  4620 | D:4      | 4620 ||| Stepping ~*~*~tactically~*~*~ (stealth).
  4624 | D:4      | 4624 ||| Stepping ~*~*~tactically~*~*~ (hiding).
  4664 | D:4      | 4664 ||| DROPPING +0 flail.
  4706 | D:4      | Reached skill level 3 in Armour
  4853 | D:4      | Found an iron altar of Okawaru.
  4882 | D:4      | Reached *** piety under Trog
  4886 | D:4      | 4886 ||| READING 2 scrolls of identify.
  4886 | D:4      | 4886 ||| IDENTIFYING fizzy brown potion
  4911 | D:5      | Entered Level 5 of the Dungeon
  4980 | D:5      | 4980 ||| Stepping ~*~*~tactically~*~*~ (stealth).
  4988 | D:5      | 4988 ||| Stepping ~*~*~tactically~*~*~ (stealth).
  4989 | D:5      | 4989 ||| Stepping ~*~*~tactically~*~*~ (stealth).
  4991 | D:5      | 4991 ||| Stepping ~*~*~tactically~*~*~ (hiding).
  5552 | D:5      | 5552 ||| DROPPING +5 hand axe.
  5588 | D:5      | 5588 ||| Stepping ~*~*~tactically~*~*~ (stealth).
  5589 | D:5      | 5589 ||| Stepping ~*~*~tactically~*~*~ (stealth).
  5590 | D:5      | 5590 ||| Stepping ~*~*~tactically~*~*~ (stealth).
  5591 | D:5      | 5591 ||| Stepping ~*~*~tactically~*~*~ (stealth).
  5594 | D:5      | 5594 ||| Stepping ~*~*~tactically~*~*~ (stealth).
  5600 | D:5      | 5600 ||| INVOKING Berserk.
  5604 | D:5      | Reached skill level 10 in Axes
  5783 | D:5      | Found a sparkling altar of Nemelex Xobeh.
  5790 | D:5      | Found a hide-covered altar of Uskayaw.
  5797 | D:5      | Found a shimmering blue altar of Sif Muna.
  5804 | D:5      | Found an opulent altar of Gozag.
  5811 | D:5      | Found a glowing silver altar of Zin.
  5818 | D:5      | Found an ornate altar of the Wu Jian Council.
  5823 | D:5      | Found an ancient bone altar of Kikubaaqudgha.
  5826 | D:5      | 5826 ||| READING scroll labelled XELEISS INLUJA.
  5827 | D:5      | 5827 ||| READING scroll labelled LESAAM GAUMIUH.
  5919 | D:6      | Reached XP level 8. HP: 70/70 MP: 7/7
  5941 | D:6      | Noticed a kobold demonologist
  5945 | D:6      | Reached skill level 6 in Fighting
  5952 | D:6      | 5952 ||| INVOKING Berserk.
  5955 | D:6      | Noticed a sixfirhy
  5956 | D:6      | Killed a kobold demonologist
  5957 | D:6      | Reached skill level 11 in Axes
  6328 | D:6      | 6328 ||| INVOKING Berserk.
  6536 | D:6      | Noticed a komodo dragon
  6539 | D:6      | 6539 ||| INVOKING Berserk.
  6543 | D:6      | Killed a komodo dragon
  6544 | D:6      | Reached skill level 12 in Axes
  6544 | D:6      | Reached XP level 9. HP: 75/75 MP: 8/8
  6772 | D:6      | 6772 ||| UPGRADING to +0 kite shield.
  6777 | D:6      | 6777 ||| UPGRADING to +6 ring of strength.
  6779 | D:6      | 6779 ||| DROPPING ring of resist corrosion.
  6780 | D:6      | 6780 ||| DROPPING ring of positive energy.
  6781 | D:6      | 6781 ||| READING scroll labelled OQOTHR IMNY.
  6800 | D:7      | 6800 ||| Stepping ~*~*~tactically~*~*~ (hiding).
  6834 | D:7      | Identified the +2 robe of Vaun {rC+}
  6837 | D:7      | Noticed Maggie
  6838 | D:7      | 6838 ||| Stepping ~*~*~tactically~*~*~ (hiding).
  6850 | D:7      | HP: 2/75 [Maggie/bolt of fire (18)]
  6850 | D:7      | Noticed Dowan
  6851 | D:7      | Mangled by Maggie

Levels and vault maps discovered:
D:1:      minmay_arrival_radiant_lines, layout_basic,
          hellmonk_ecumenical_altar_heavens_door, dk_noncrumbling_4,
          dreamdust_wishing_well
D:2:      layout_loops_cross, uniq_jessica, uniq_crazy_yiuf_cottage
D:3:      layout_basic, mainiacjoe_overflow_alcove_2, portal_sewer_entry_d,
          serial_shops, nicolae_shop_bloodbath_and_beyond, kennysheep_path_1,
          minmay_stone_trees_medium, minmay_misc_feat_chi, uniq_natasha,
          uniq_terence
D:4:      layout_loops_ring, okawaru_altar_gauntlet_db, kennysheep_slug_shrine
D:5:      layout_basic, grunt_temple_overflow_octagram, minmay_strange_pillars
D:6:      layout_rooms, nicolae_kite_square_tiling_tiny,
          minmay_misc_feat_square, chequers_serial_rivers_micro_d, minivault_25
D:7:      layout_basic, temple_statues, enter_bailey_2, uniq_duvessa,
          uniq_maggie

Skill      XL: |  1  2  3  4  5  6  7  8 |
---------------+-------------------------+-----
Axes           | 4 5 6 7 8 10 12 | 12.5
Throwing       | 1 2 |  2.1
Fighting       | 5 6 |  6.2
Armour         | 3 4 |  4.6
Dodging        | |  2.1
Shields        | |  0.2

Action                   |  1- 3 |  4- 6 |  7- 9 || total
-------------------------+-------+-------+-------++-------
Melee: Hand axe          |    45 |    25 |       ||    70
       Headbutt          |     7 |     7 |    17 ||    31
       Punch             |     1 |       |       ||     1
       War axe           |       |    22 |    99 ||   121
Throw: Javelin           |    31 |    33 |    32 ||    96
Invok: Berserk           |       |     7 |     4 ||    11
  Use: Scroll            |     5 |     4 |     4 ||    13
Armor: Animal skin       |     3 |       |       ||     3
       Ring mail         |     7 |     3 |       ||    10
       Chain mail        |       |    22 |    44 ||    66
Dodge: Dodged            |    19 |    24 |    29 ||    72
Block: Kite shield       |       |       |     6 ||     6

Table legend:
 A = Non-vault XP
 B = Vault XP
 C = Vault XP percentage of total XP
 D = Non-vault monster count
 E = Vault monster count
 F = Vault count percentage of total count
                 A         B        C        D         E       F
            +---------+---------+-------+---------+---------+-------
      Total |    2519 |     307 |  10.9 |     112 |      16 |  12.5
            +---------+---------+-------+---------+---------+-------
        D:1 |      32 |       0 |   0.0 |      18 |       0 |   0.0
        D:2 |      51 |      37 |  42.0 |      15 |       1 |   6.2
        D:3 |     152 |      84 |  35.6 |      23 |       3 |  11.5
        D:4 |     360 |      25 |   6.5 |      22 |       7 |  24.1
        D:5 |     346 |       0 |   0.0 |      19 |       0 |   0.0
        D:6 |    1568 |       0 |   0.0 |      14 |       0 |   0.0
        D:7 |      10 |       0 |   0.0 |       1 |       0 |   0.0
      Sewer |       0 |     161 | 100.0 |       0 |       5 | 100.0
            +---------+---------+-------+---------+---------+-------
